 Dungeon Crawl Stone Soup version 0.22-a0-533-g4d20840 (webtiles) character file.

82 stealthycow the Chopper (level 4, -1/60 HPs)
             Began as a Minotaur Berserker on June 22, 2018.
             Was a Believer of Trog.
             Slain by Grinder (4 damage)
             ... on level 3 of the Dungeon.
             The game lasted 00:02:43 (1818 turns).

stealthycow the Chopper (Minotaur Berserker)        Turns: 1818, Time: 00:02:44

Health: -1/60      AC:  5    Str: 26    XL:     4   Next: 21%
Magic:  3/3        EV: 12    Int:  4    God:    Trog [**....]
Gold:   177        SH:  0    Dex: 11    Spells: 3/3 levels left

rFire    . . .     SeeInvis .   a - +0 hand axe
rCold    . . .     Gourm    .   (no shield)
rNeg     . . .     Faith    .   f - +0 ring mail
rPois    .         Spirit   .   (helmet restricted)
rElec    .         Reflect  .   (no cloak)
rCorr    .         Harm     .   (no gloves)
MR       ++...                  (no boots)
Stlth    ..........             (no amulet)
HPRegen  1.20/turn              (no ring)
MPRegen  0.08/turn              (no ring)

@: berserking, regenerating, very quick
A: retaliatory headbutt, horns 2
a: Berserk, Trog's Hand, Renounce Religion


You were on level 3 of the Dungeon.
You worshipped Trog.
Trog was pleased with you.
You were very hungry.

You visited 1 branch of the dungeon, and saw 3 of its levels.

You collected 177 gold pieces.

Inventory:

Hand Weapons
 a - a +0 hand axe (weapon)
Armour
 f - a +0 ring mail (worn)
Jewellery
 n - an uncursed ring of see invisible {unknown}
 o - an uncursed ring of stealth {unknown}
Scrolls
 d - 5 scrolls of identify {unknown}
 h - a scroll of magic mapping {unknown}
 j - a scroll of teleportation {unknown}
 s - a scroll of random uselessness {unknown}
Potions
 b - a potion of resistance {unknown}
 e - a potion of curing {unknown}
 g - 2 potions of haste {unknown}
 k - a potion of heal wounds {unknown}
 l - 3 potions of flight {unknown}
 m - a potion of agility {unknown}
 p - a potion of ambrosia {unknown}
 q - a potion of berserk rage {unknown}
 r - a potion of might {unknown}
Comestibles
 c - 4 rations
 i - 10 chunks of flesh


   Skills:
 + Level 4.2 Fighting
 * Level 4.7 Axes
 + Level 3.2 Armour
 + Level 3.0 Dodging


You had 3 spell levels left.
You didn't know any spells.
Your spell library was empty.

Dungeon Overview and Level Annotations

Branches:
Dungeon (3/15)

Altars:
Cheibriados
Dithmenos
Elyvilon
Trog
Wu Jian

Annotations:
D:3 Grinder


Innate Abilities, Weirdness & Mutations

You reflexively headbutt those who attack you in melee.
You have a pair of horns on your head.


Message History

You writhe in agony.
* * * LOW HITPOINT WARNING * * *
You barely miss Grinder.
Grinder is lightly wounded.
You hit Grinder but do no damage. Your headbutt misses Grinder.
Grinder is lightly wounded.
Grinder hits you.
* * * LOW HITPOINT WARNING * * *
You writhe in agony.
* * * LOW HITPOINT WARNING * * *
You closely miss Grinder.
Grinder is lightly wounded.
Grinder hits you.
* * * LOW HITPOINT WARNING * * *
You writhe in agony.
* * * LOW HITPOINT WARNING * * *
You closely miss Grinder. You headbutt Grinder.
Grinder is moderately wounded.
Grinder hits you.
You die...

♣....._....
#...%...#...###...###
#.......#### ##.##.#
#........... #.#...
#............ ##.##..
#...........# #...#..
#...K.K...>..##.♣.#..
#...5.........#...#.#
#...@.........##.##..
#..(.................
#....................
###.#....#...........
#...##.#.....))....
######..###.#......÷....
#.......# #>#...........
#.###..## #..###........
#.####+#####.#...##.....


You could see Grinder and 2 kobolds.

Vanquished Creatures
  2 adders
  2 worms (D:3)
  2 dart slugs (D:2)
  2 leopard geckos
  10 orcs (D:3)
  2 giant cockroaches (D:2)
  3 goblins
  2 hobgoblins (D:2)
  2 quokkas (D:3)
  A ball python (D:1)
  3 bats
  5 frilled lizards
  3 kobolds
  5 rats
44 creatures vanquished.

Notes
Turn   | Place    | Note
-------+----------+-------------------------------------------
     0 | D:1      | stealthycow the Minotaur Berserker began the quest for the Orb.
     0 | D:1      | Reached XP level 1. HP: 19/19 MP: 0/0
     0 | D:1      | Noticed an elf
     1 | D:1      | Noticed a draconian
     3 | D:1      | Noticed a vampire
     6 | D:1      | Noticed a formicid
     7 | D:1      | Noticed a centaur
    10 | D:1      | Noticed a minotaur zombie
    10 | D:1      | Noticed a minotaur skeleton
    16 | D:1      | Noticed a merfolk zombie
   626 | D:2      | Reached XP level 2. HP: 27/27 MP: 1/1
   745 | D:2      | Found an ornate altar of the Wu Jian Council.
   929 | D:2      | Found a snail-covered altar of Cheibriados.
   930 | D:2      | Reached XP level 3. HP: 31/33 MP: 2/2
   976 | D:2      | Found a bloodstained altar of Trog.
  1145 | D:2      | Found a shadowy altar of Dithmenos.
  1248 | D:3      | Reached ** piety under Trog
  1533 | D:3      | Found a white marble altar of Elyvilon.
  1604 | D:3      | Reached XP level 4. HP: 40/40 MP: 3/3
  1807 | D:3      | Noticed Grinder
  1817 | D:3      | HP: 2/60 [Grinder (5)]
  1818 | D:3      | Slain by Grinder

Vault maps used:
D:1:      shiori_arrival_whats_in_store_for_you, st_stairs_12
D:2:      kennysheep_slug_shrine, lemuel_doored_altar,
          nicolae_overflow_hidden_temple, grunt_dithmenos_smoke_and_mirrors
D:3:      elyvilon_altar_1, serial_bayou_ford_a, kennysheep_generic_room_11,
          uniq_grinder

Skill      XL: |  1  2  3  4 |
---------------+-------------+-----
Axes           | 4 |  4.7
Fighting       | 4 |  4.2
Armour         | 3 |  3.2
Dodging        | 3 |  3.0

Action                   |  1- 3 |  4- 6 || total
-------------------------+-------+-------++-------
Melee: Hand axe          |    82 |    23 ||   105
       Headbutt          |     8 |     7 ||    15
Invok: Berserk           |     1 |     1 ||     2
       Trog's Hand       |       |     1 ||     1
  Eat: Chunk             |     3 |     1 ||     4
Armor: Leather armour    |     9 |       ||     9
       Animal skin       |     3 |       ||     3
       Ring mail         |    13 |     6 ||    19
Dodge: Dodged            |    51 |     8 ||    59

Table legend:
 A = Spawn XP
 B = Non-spawn XP
 C = Spawn XP percentage of total XP
 D = Spawn monster count
 E = Non-spawn monster count
 F = Spawn count percentage of total count
 G = Total turns spent on level
                    A         B        C        D         E        F      G
               +---------+---------+-------+---------+---------+-------+---------
         Total |       0 |     118 |   0.0 |       0 |      44 |   0.0 |  1818
               +---------+---------+-------+---------+---------+-------+---------
           D:1 |       0 |       5 |   0.0 |       0 |       5 |   0.0 |   604
           D:2 |       0 |      46 |   0.0 |       0 |      17 |   0.0 |   607
           D:3 |       0 |      67 |   0.0 |       0 |      22 |   0.0 |   607
               +---------+---------+-------+---------+---------+-------+---------
